 Dungeon Crawl Stone Soup version 0.27-a0-631-g2d681adce0 (webtiles) character file.

Game seed: 11417092302205946476

133 tilp the Sneak (level 5, -1/35 HPs)
             Began as an Octopode Transmuter on Mar 13, 2021.
             Slain by a jelly (3 damage)
             ... on level 2 of the Dungeon.
             The game lasted 00:01:40 (1111 turns).

tilp the Sneak (Octopode Transmuter)                Turns: 1111, Time: 00:01:41

Health: -1/35      AC: -3    Str:  9    XL:     5   Next: 16%
Magic:  4/8        EV: 13    Int: 16    God:
Gold:   74         SH:  0    Dex: 19    Spells: 5/8 levels left

rFire    . . .     SeeInvis .     - Unarmed
rCold    . . .     Faith    .   (no shield)
rNeg     . . .     Spirit   .   (helmet restricted)
rPois    .         Reflect  .   (no amulet)
rElec    .         Harm     .   k - +6 ring of dexterity
rCorr    .         Rampage  .   (no ring)
Will     .....                  (no ring)
Stlth    ++++......             (no ring)
HPRegen  0.11/turn              (no ring)
MPRegen  0.11/turn              (no ring)
                                (no ring)
                                (no ring)

@: wereblooded (expiring), corroded
A: almost no armour, amphibious, 8 rings, camouflage 1, gelatinous body 1,
nimble swimmer 1, tentacles
a: no special abilities


You were on level 2 of the Dungeon.
You visited 1 branch of the dungeon, and saw 2 of its levels.

You collected 74 gold pieces.

Inventory:

Missiles
 c - 52 stones (quivered)
Jewellery
 k - a +6 ring of dexterity (left tentacle)
Scrolls
 b - 2 scrolls of magic mapping
 e - a scroll of teleportation
 f - a scroll of immolation {unknown}
 h - a scroll of identify {unknown}
 j - a scroll of amnesia {unknown}
Potions
 a - a potion of heal wounds {unknown}
 d - a potion of lignification {unknown}
 g - a potion of attraction {unknown}
 i - a potion of curing {unknown}
 l - a potion of ambrosia {unknown}


   Skills:
 + Level 2.7 Fighting
 - Level 2.0 Dodging
 - Level 4.0 Stealth
 + Level 4.0 Unarmed Combat
 - Level 2.0 Spellcasting
 - Level 2.0 Transmutations


You had 5 spell levels left.
You knew the following spells:

 Your Spells              Type           Power      Damage    Failure   Level
a - Beastly Appendage     Tmut           16%        N/A       9%          1
b - Wereblood             Tmut           8%         N/A       14%         2

Your spell library contained the following spells:

 Spells                   Type           Power      Damage    Failure   Level
 Spider Form              Tmut/Pois      2%         N/A       38%         3
 Ice Form                 Ice/Tmut       4%         N/A       80%         4
 Blade Hands              Tmut           4%         N/A       94%         5


Dungeon Overview and Level Annotations

Branches:
Dungeon (2/15)

Altars:


Innate Abilities, Weirdness & Mutations

You cannot wear most types of armour.
You are amphibious.
You can wear up to eight rings at the same time.
Your skin changes colour to match your surroundings (Stealth+).
Your rubbery body absorbs attacks. (AC +1, EV +1)
You are stealthy while swimming. (Stealth+)
You have tentacles for arms and can constrict up to eight enemies at once.


Message History

You have reached level 4!
You tentacle-slap the ooze.
The ooze is heavily wounded.
The ooze misses you.
You bludgeon the ooze!
You kill the ooze!
You howl as the wereblood boils in your veins!
You bludgeon the jelly!
Your tentacles burn!
* * * LOW HITPOINT WARNING * * *
You squeeze the jelly.
The jelly is almost dead.
The jelly misses you.
You tentacle-slap the jelly.
You kill the jelly!
Your primal bloodlust is almost over.
Your Fighting skill increases to level 2!
You bludgeon the jelly!
Your tentacles burn!
* * * LOW HITPOINT WARNING * * *
You squeeze the jelly!
The jelly is almost dead.
The jelly closely misses you.
You bludgeon the jelly!
You kill the jelly!
The ooze jiggles.
You have reached level 5!
You feel agile.
You bludgeon the ooze!
The ooze is almost dead.
The ooze hits you.
* * * LOW HITPOINT WARNING * * *
You bludgeon the ooze!
You kill the ooze!
Your Unarmed Combat skill increases to level 4!
You bludgeon the ooze! You squeeze the ooze.
You kill the ooze!
You tentacle-slap the jelly. The acid corrodes you!
Your tentacles burn!
* * * LOW HITPOINT WARNING * * *
The jelly is lightly wounded.
The jelly hits you.
You die...

##.....##
#.......#
#(......#
#.......#
#.......#
#....####
#....'..##
########.#
##@.....##
#J#######
#...P.PJ..
#...÷.....
#÷..PJJ.J.
#...P.J...
#÷...J....
#....÷.J.$
##########


You could see a jelly.

Vanquished Creatures
  2 jellies (D:2)
  8 oozes (D:2)
  3 bats
  5 giant cockroaches
  A goblin (D:1)
  2 hobgoblins (D:2)
  2 frilled lizards
  14 kobolds
  3 rats
40 creatures vanquished.

Vanquished Creatures (others)
  3 fungi (D:2)
  12 toadstools (D:2)
15 creatures vanquished.

Grand Total: 55 creatures vanquished

Notes
Turn   | Place    | Note
-------+----------+-------------------------------------------
     0 | D:1      | tilp the Octopode Transmuter began the quest for the Orb.
     0 | D:1      | Reached XP level 1. HP: 13/13 MP: 3/3
    39 | D:1      | Reached skill level 1 in Stealth
   267 | D:1      | Reached XP level 2. HP: 18/18 MP: 5/5
   272 | D:1      | Learned a level 2 spell: Wereblood
   810 | D:2      | Reached XP level 3. HP: 23/23 MP: 6/6
  1102 | D:2      | Reached XP level 4. HP: 13/29 MP: 3/7
  1108 | D:2      | Reached XP level 5. HP: 8/35 MP: 3/8
  1111 | D:2      | HP: 1/35 [acid (3)]
  1111 | D:2      | Slain by a jelly

Illustrated notes

Levels and vault maps discovered:
D:1:      lemuel_arrival_broad_hall, layout_rooms
D:2:      cheibrodos_fertilizer, layout_basic, bloody_makhleb

Skill      XL: |  1  2  3  4  5 |
---------------+----------------+-----
Stealth        | 2 3 4 |  4.0
Fighting       | 2 |  2.7
Unarmed Combat | 4 |  4.0
Dodging        | |  2.0
Spellcasting   | |  2.0
Transmutations | |  2.0

Action                   |  1- 3 |  4- 6 || total
-------------------------+-------+-------++-------
Melee: Unarmed           |    69 |    10 ||    79
       Constrict         |    19 |       ||    19
       Tentacles         |    13 |     3 ||    16
       Kick              |    10 |       ||    10
       Punch             |     1 |       ||     1
 Cast: Beastly Appendage |     4 |       ||     4
       Wereblood         |     4 |       ||     4
  Use: Scroll            |     2 |       ||     2
 Stab: Sleeping          |     9 |       ||     9
       Distracted        |     1 |       ||     1
Armor: Skin              |     7 |       ||     7
Dodge: Dodged            |    42 |     3 ||    45

Table legend: (Time is in decaauts)
 A = Elapsed time spent in this place.
 B = Non-inter-level travel time spent in this place.
 C = Inter-level travel time spent in this place.
 D = Time resting spent in this place.
 E = Time spent auto-exploring this place.
 F = Levels seen in this place.
 G = Mean time per level.
                   A        B        C        D        E       F      G
               +--------+--------+--------+--------+--------+-----+--------+
         Total |   1106 |   1097 |      9 |    212 |    680 |   2 |  553.0 |
       Dungeon |   1106 |   1097 |      9 |    212 |    680 |   2 |  553.0 |
               +--------+--------+--------+--------+--------+-----+--------+

Top non-repeatable levels by time:
     D:1: 597 daAuts
     D:2: 508 daAuts
